 Dungeon Crawl Stone Soup version 0.30-a0-626-gd6a5dd7a1f (console) character file.

Game seed: 17374780864469458988

75 Ignak the Sneak (level 4, -5/27 HPs)
             Began as an Octopode Enchanter on Jan 11, 2023.
             Killed from afar by an orc wizard (10 damage)
             ... with a puff of flame
             ... on level 3 of the Dungeon.
             The game lasted 00:03:27 (2217 turns).

Ignak the Sneak (Octopode Enchanter)                Turns: 2217, Time: 00:03:27

Health: -5/27      AC:  1    Str:  7    XL:     4   Next: 31%
Magic:  2/7        EV: 13    Int: 17    God:
Gold:   101        SH:  0    Dex: 14    Spells: 5/7 levels left

rFire   . . .      SeeInvis .    a - +1 dagger
rCold   . . .      Faith    .    (no shield)
rNeg    . . .      Spirit   .    (helmet restricted)
rPois   .          Reflect  .    (no amulet)
rElec   .          Harm     .    (no ring)
rCorr   .          Rampage  .    (no ring)
Will    .....                    (no ring)
Stlth   ++++                     (no ring)
HPRegen 0.24/turn                (no ring)
MPRegen 0.10/turn                (no ring)
                                 (no ring)
                                 (no ring)

@: no status effects
A: almost no armour, amphibious, 8 rings, camouflage 1, gelatinous body 1,
(nimble swimmer 1), tentacles
a: no special abilities


You were on level 3 of the Dungeon.
You visited 1 branch of the dungeon, and saw 4 of its levels.

You collected 125 gold pieces.
You spent 24 gold pieces at shops.

Inventory:

Hand Weapons
 a - a +1 dagger (weapon)
 b - a +1 hand axe of electrocution
Scrolls
 d - a scroll of immolation {unknown}
 e - 2 scrolls of teleportation {unknown}
 g - a scroll of poison
 h - a scroll of fog {unknown}
 l - 3 scrolls of enchant weapon {unknown}
 m - a scroll of noise {unknown}
 o - a scroll of enchant armour
Potions
 c - a potion of mutation {unknown}
 f - 2 potions of haste {unknown}
 i - a potion of might {unknown}
 j - a potion of heal wounds {unknown}
 k - 4 potions of invisibility


   Skills:
 + Level 0.7 Fighting
 + Level 1.5 Short Blades
 * Level 2.6 Dodging
 * Level 4.8 Stealth
 + Level 0.7 Unarmed Combat
 + Level 2.3 Spellcasting
 + Level 3.2 Hexes
 + Level 0.4 Ice Magic


You had 5 spell levels left.
You knew the following spells:

 Your Spells              Type           Power      Damage    Failure   Level
c - Ensorcelled Hibernat  Hex/Ice        16%        N/A       13%         2

Your spell library contained the following spells:

 Spells                   Type           Power      Damage    Failure   Level
 Confusing Touch          Hex            13%        N/A       14%         3
 Tukima's Dance           Hex            13%        N/A       14%         3
 Sandblast                Erth           2%         2d4       19%         1
 Passwall                 Tmut/Erth      0%         N/A       28%         2
 Dazzling Flash           Conj/Hex       14%        N/A       28%         3
 Stone Arrow              Conj/Erth      2%         3d7       50%         3


Dungeon Overview and Level Annotations

Branches:
Dungeon (4/15)
 Temple: D:4-7

Altars:

Shops:
D:2 *


Innate Abilities, Weirdness & Mutations

You cannot wear most types of armour.
You are amphibious.
You can wear up to eight rings at the same time.
Your skin changes colour to match your surroundings (Stealth+).
Your rubbery body absorbs attacks. (AC +1, EV +1)
((You are camouflaged when in or above water. (Stealth+)))
You have tentacles for arms and can constrict up to eight enemies at once.


Message History

Aim: an orc, wielding a +0 short sword (chance to affect: 59%)
The orc resists with significant effort.
An orc priest comes into view. It is wielding a +0 dagger.
The orc barely misses you.
The orc priest mumbles some strange prayers to Beogh against you.
Beogh smites you! Something hits you. The orc barely misses you.
You climb upwards.
Reactivating autopickup.
There is a stone staircase leading down here.
Casting: Ensorcelled Hibernation (safe; 13% risk of failure)
Confirm with . or Enter, or press ? or * to list all spells.
Aiming: Ensorcelled Hibernation (safe; 13% risk of failure)
Press: ? - help, Shift-Dir - straight line, f - orc
Aim: an orc, wielding a +0 short sword (chance to affect: 59%)
The orc looks drowsy...
Something hits you.
Deactivating autopickup; reactivate with Ctrl-A.
The helpless orc fails to defend itself.
You impale the orc!!
You kill the orc!
Something hits you.
* * * LOW HITPOINT WARNING * * *
You hear some strange, mumbled words.
Something tries to affect you, but you resist.
Things that are here:
a +0 short sword; an orc corpse
Casting: Ensorcelled Hibernation (safe; 13% risk of failure)
Confirm with . or Enter, or press ? or * to list all spells.
Aiming: Ensorcelled Hibernation (safe; 13% risk of failure)
Press: ? - help, Shift-Dir - straight line Nothing appears to happen.
You hit something but do no damage.
You hear a shout!
Something hits you.
* * * LOW HITPOINT WARNING * * *
You hit something. Your squeeze misses something. You miss something.
You hear some strange, mumbled words.
A puff of flame appears from out of thin air!
The puff of flame hits you!
You die...

.#............###########
..............#
####...รท......#
..............###
................##
#.#..............##
#............#....#
#..#.........####.######
........####.##)@.<....#
.#........##.##>{......#
##............#........#
.....###......#........#
..##(# #......##########
.###.# ##......## ## #.#
#....#..# #.# #....#..#
### #....#..#


There were no monsters in sight!

Vanquished Creatures
  2 adders
  An ufetubus (D:4)
  3 worms
  3 orcs
  3 giant cockroaches
  7 goblins
  3 hobgoblins
  A kobold (D:1)
  A quokka (D:1)
  8 ball pythons
  6 bats
  A frilled lizard (D:2)
  A rat (D:2)
40 creatures vanquished.

Vanquished Creatures (others)
  5 plants (D:2)
  11 withered plants (D:2)
16 creatures vanquished.

Grand Total: 56 creatures vanquished

Notes
Turn   | Place    | Note
-------+----------+-------------------------------------------
     0 | D:1      | Ignak the Octopode Enchanter began the quest for the Orb.
     0 | D:1      | Reached XP level 1. HP: 11/11 MP: 3/3
   199 | D:1      | Reached XP level 2. HP: 8/17 MP: 5/5
   209 | D:1      | Learned a level 2 spell: Ensorcelled Hibernation
  1019 | D:2      | Reached XP level 3. HP: 17/22 MP: 3/6
  1155 | D:2      | Found a faded altar of an unknown god.
  1353 | D:2      | Found Rupherchy's General Store.
  1362 | D:2      | Bought a scroll of identify for 24 gold pieces
  1814 | D:3      | Reached XP level 4. HP: 25/27 MP: 7/7
  2217 | D:3      | Killed from afar by an orc wizard

Illustrated notes

Levels and vault maps discovered:
D:1:      onia_arrival_mini_spirals, layout_basic
D:2:      layout_loops_ring, shapermc_ecumenical_altar_flowoftime, serial_shops,
          shop, nicolae_elevator_lobby_plus
D:3:      layout_rooms
D:4:      layout_rooms, mainiacjoe_overflow_brackets

Action                   |  1- 3 |  4- 6 || total
-------------------------+-------+-------++-------
Melee: Dagger            |    81 |    16 ||    97
       Constrict         |    29 |     5 ||    34
       Tentacles         |    21 |     6 ||    27
 Cast: Ensorcelled Hiber |     4 |     4 ||     8
  Use: Scroll            |     1 |     1 ||     2
 Stab: Sleeping          |    14 |     2 ||    16
Armor: Skin              |     3 |     2 ||     5
Dodge: Dodged            |    40 |    15 ||    55

Table legend: (Time is in decaauts)
 A = Elapsed time spent in this place.
 B = Non-inter-level travel time spent in this place.
 C = Inter-level travel time spent in this place.
 D = Time resting spent in this place.
 E = Time spent auto-exploring this place.
 F = Levels seen in this place.
 G = Mean time per level.
                   A        B        C        D        E       F      G
               +--------+--------+--------+--------+--------+-----+--------+
         Total |   2212 |   2177 |     35 |     33 |   1658 |   4 |  553.0 |
       Dungeon |   2212 |   2177 |     35 |     33 |   1658 |   4 |  553.0 |
               +--------+--------+--------+--------+--------+-----+--------+

Top non-repeatable levels by time:
     D:1: 907 daAuts
     D:2: 853 daAuts
     D:3: 386 daAuts
     D:4: 64 daAuts
